 Dungeon Crawl Stone Soup version 0.31-a0-549-gf98fd537a9 (webtiles) character file.

Game seed: 15237783994395229648

88 AdnanSaban the Shield-Bearer (level 4, -1/29 HPs)
             Began as a Gargoyle Fighter on Aug 16, 2023.
             Slain by Terence
             ... wielding a +2 flail of protection
              (5 damage)
             ... on level 2 of the Dungeon.
             The game lasted 00:01:54 (1624 turns).

AdnanSaban the Shield-Bearer (Gargoyle Fighter)     Turns: 1624, Time: 00:01:55

Health: -1/29      AC: 11    Str: 22    XL:     4   Next: 54%
Magic:  4/4        EV:  9    Int:  8    God:
Gold:   66         SH:  4    Dex:  9    Spells: 3/3 levels left

rFire   . . .        a - +0 flail
rCold   . . .        c - +0 buckler
rNeg    + . .        b - +0 scale mail
rPois   ∞            n - +0 helmet
rElec   +            (no cloak)
rCorr   .            (no gloves)
SInv    .            (no boots)
Will    .....        (no amulet) Stlth
                     (no ring)
HPRegen 0.24/turn    (no ring)
MPRegen 0.09/turn

%: no passive effects
@: no status effects
A: sickness immunity, AC +3, negative energy resistance 1, electricity
resistance, torment resistance 1, petrification resistance
a: no special abilities


You were on level 2 of the Dungeon.
You visited 1 branch of the dungeon, and saw 2 of its levels.

You collected 66 gold pieces.

Inventory:

Hand Weapons
 a - a +0 flail (weapon)
Missiles
 f - 4 poisoned darts (quivered)
Armour
 b - a +0 scale mail (worn)
 c - a +0 buckler (worn)
 n - a +0 helmet (worn)
Jewellery
 i - a ring of see invisible
 m - a +4 ring of protection
Wands
 o - a wand of mindburst (12)
Scrolls
 g - 2 scrolls of noise {unknown}
 k - a scroll of immolation {unknown}
 l - 3 scrolls of identify {unknown}
Potions
 d - a potion of might
 e - a potion of resistance {unknown}
 h - a potion of attraction {unknown}
 j - a potion of degeneration {unknown}
 p - a potion of curing {unknown}
 q - a potion of cancellation {unknown}


   Skills:
 + Level 3.6 Fighting
 + Level 3.3 Maces & Flails
 + Level 3.7 Armour
 + Level 1.0 Dodging
 + Level 3.7 Shields


You had 3 spell levels left.
You didn't know any spells.
Your spell library contained the following spells:

 Spells                   Type           Power      Damage    Failure   Level
 Simulacrum               Ice/Necr       0%         N/A       100%        6
 Ozocubu's Refrigeration  Ice            0%         4d7       100%        7
 Polar Vortex             Ice            0%         N/A       100%        9


Dungeon Overview and Level Annotations

Branches:
Dungeon (2/15)

Altars:

Annotations:
D:2 Terence


Innate Abilities, Weirdness & Mutations

You are immune to sickness and miasma.
Your stone body is resilient. (AC +3)
You are immune to poison.
You resist negative energy. (rN+)
You are resistant to electric shocks. (rElec)
You are resistant to unholy torment.
You are immune to petrification.


Message History

Terence hits you with a +2 flail of protection.
You are too injured to fight recklessly!
You are too injured to fight recklessly!
You are too injured to fight recklessly!
You are too injured to fight recklessly!
You are too injured to fight recklessly!
You are too injured to fight recklessly!
You are too injured to fight recklessly!
You are too injured to fight recklessly!
You are too injured to fight recklessly!
You are too injured to fight recklessly!
You are too injured to fight recklessly!
You are too injured to fight recklessly!
You are too injured to fight recklessly!
You are too injured to fight recklessly!
Unknown command.
Terence attacks as you move away! Terence hits you but does no damage.
Terence attacks as you move away! Terence barely misses you.
Terence attacks as you move away!
Terence hits you with a +2 flail of protection.
You are too injured to fight recklessly!
You are too injured to fight recklessly!
Throw: 6 darts (poison)
Press: ? - help, Q - select action, (/) - cycle Shift-Dir - straight line, f - Terence
Aim: Terence, wielding a +2 flail of protection and wearing a +2 scale mail of cold resistance (54% to hit)
You throw a poisoned dart. The poisoned dart hits Terence.
Terence hits you with a +2 flail of protection.
* * * LOW HITPOINT WARNING * * *
Throw: 5 darts (poison)
Press: ? - help, Q - select action, (/) - cycle Shift-Dir - straight line, f/p - Terence
Aim: Terence, wielding a +2 flail of protection and wearing a +2 scale mail of cold resistance (54% to hit)
You throw a poisoned dart.
The poisoned dart closely misses Terence.
Terence hits you with a +2 flail of protection.
* * * LOW HITPOINT WARNING * * *
Terence attacks as you move away! Terence closely misses you.
Terence attacks as you move away! Terence hits you but does no damage.
Terence attacks as you move away!
Terence hits you with a +2 flail of protection.
You die...

####.#### ####### #....
#.#### #.....########.
#..(.# #........#.....
####(####..#...#.#.#.#.
#......#........#.#...
#.#.##.#.....#........
#...##.##########.....
#.####@# #....#
##.###@.# #.....
#.......## ###.##
#.....#..###### #.#
#....)........######.#
####.....####........#
##...## ###########
##.## #.. ### #.# #.#


You could see Terence.

Vanquished Creatures
  Robin (D:2)
  2 adders (D:2)
  2 dart slugs (D:1)
  3 endoplasms (D:1)
  2 giant cockroaches
  5 hobgoblins
  7 kobolds
  2 quokkas (D:1)
  2 ball pythons (D:2)
  5 bats (D:1)
  2 frilled lizards (D:1)
  12 goblins
  9 rats
54 creatures vanquished.

Notes
Turn   | Place    | Note
-------+----------+-------------------------------------------
     0 | D:1      | AdnanSaban the Gargoyle Fighter began the quest for the
                  | Orb.
     0 | D:1      | Reached XP level 1. HP: 14/14 MP: 1/1
    88 | D:1      | Found a faded altar of an unknown god.
   189 | D:1      | Reached XP level 2. HP: 16/19 MP: 2/2
   587 | D:1      | Reached XP level 3. HP: 21/23 MP: 3/3
   875 | D:2      | Noticed Robin
  1042 | D:2      | Killed Robin
  1043 | D:2      | Reached skill level 1 in Dodging
  1056 | D:2      | Reached XP level 4. HP: 23/28 MP: 4/4
  1605 | D:2      | Noticed Terence
  1624 | D:2      | Slain by Terence

Illustrated notes

Levels and vault maps discovered:
D:1:      evilmike_arrival_rings, layout_basic, chequers_ecumenical_altar_island
D:2:      layout_loops_cross, minmay_ruptured, uniq_terence, uniq_robin

Skill      XL: |  1  2  3 |
---------------+----------+-----
Maces & Flails | 3 |  3.3
Dodging        | 1 |  1.0
Fighting       | |  3.6
Armour         | |  3.7
Shields        | |  3.7

Action                     |  1- 3 |  4- 6 || total
---------------------------+-------+-------++-------
  Melee: Flail             |   135 |    43 ||   178
  Throw: Dart              |       |     2 ||     2
 Armour: Scale mail        |   117 |    21 ||   138
  Dodge: Dodged            |    68 |    16 ||    84
  Block: Buckler           |    38 |     9 ||    47

Table legend: (Time is in decaauts)
 A = Elapsed time spent in this place.
 B = Non-inter-level travel time spent in this place.
 C = Inter-level travel time spent in this place.
 D = Time resting spent in this place.
 E = Time spent auto-exploring this place.
 F = Levels seen in this place.
 G = Mean time per level.
                   A        B        C        D        E       F      G
               +--------+--------+--------+--------+--------+-----+--------+
         Total |   1687 |   1663 |     24 |     80 |   1145 |   2 |  843.5 |
       Dungeon |   1687 |   1663 |     24 |     80 |   1145 |   2 |  843.5 |
               +--------+--------+--------+--------+--------+-----+--------+

Top non-repeatable levels by time:
     D:1: 1046 daAuts
     D:2: 640 daAuts
